 Dungeon Crawl Stone Soup version 0.18.1-50-g88ac8fd (webtiles) character file.

315 magog001 the Stinger (level 6, -3/44 HPs)
             Began as a Merfolk Venom Mage on July 11, 2017.
             Slain by an iguana (12 damage)
             ... on level 4 of the Dungeon.
             The game lasted 00:28:11 (5736 turns).

magog001 the Stinger (Merfolk Venom Mage)           Turns: 5736, Time: 00:28:12

Health: -3/44      AC:  3    Str:  8    XL:     6   Next: 44%
Magic:  4/10       EV: 15    Int: 15    God:
Gold:   170        SH:  0    Dex: 16    Spells: 3 memorised, 4 levels left

rFire  . . .     SeeInvis .     e - +1 dagger
rCold  . . .     Gourm    .     a - +0 robe
rNeg   . . .     Faith    .     (no shield)
rPois  .         Spirit   .     (no helmet)
rElec  .         Dismiss  .     g - +0 cloak
rCorr  .         Reflect  .     (no gloves)
SustAt +         Harm     .     (no boots)
MR     .....                    (no amulet)
Stlth  ++........               (no ring)
                                n - ring of sustain attributes

@: not resistant to hostile enchantments, unstealthy
A: change form in water, swift swim
a: no special abilities


You were on level 4 of the Dungeon.
You were not hungry.

You visited 1 branch of the dungeon, and saw 4 of its levels.

You collected 170 gold pieces.

Inventory:

Hand Weapons
 e - a +1 dagger (weapon)
Missiles
 l - 7 needles of sleeping
Armour
 a - a +0 robe (worn)
 g - a +0 cloak (worn)
Jewellery
 n - a ring of sustain attributes (left hand)
Wands
 j - a wand of paralysis (9/24)
Scrolls
 f - 4 scrolls of identify
 h - 2 scrolls of remove curse
Potions
 d - a potion of brilliance
 i - a potion of haste
 r - 2 potions of berserk rage {unknown}
Books
 b - a Young Poisoner's Handbook

   Spells                             Type                      Level
   a - Sting                          Conjuration/Poison           1
   b - Cure Poison                    Poison                       2
   c - Mephitic Cloud                 Conjuration/Poison/Air       3
   d - Olgreb's Toxic Radiance        Poison                       4
   e - Venom Bolt                     Conjuration/Poison           5
Comestibles
 c - 2 bread rations


   Skills:
 * Level 2.1 Fighting
 * Level 2.9 Short Blades
 * Level 2.2 Throwing
 + Level 4.6 Dodging
 + Level 2.8 Stealth
 + Level 2.6 Spellcasting
 + Level 0.8 Conjurations
 + Level 4.8 Poison Magic


You had 4 spell levels left.
You knew the following spells:

 Your Spells              Type           Power        Failure   Level  Hunger
a - Sting                 Conj/Pois      ##..         8%          1    #......
b - Mephitic Cloud        Conj/Pois/Air  #.......     30%         3    ###....
c - Cure Poison           Pois           ###.......   4%          2    ##.....


Dungeon Overview and Level Annotations

Branches:
Dungeon (4/15)
 Temple: D:4-7

Altars:
Ashenzari
Elyvilon
Makhleb
Pakellas
Vehumet
Yredelemnul

Annotations:
D:3 magog001's ghost, amateur CeHu


Message History

Aiming: Sting
Press: ? - help, Shift-Dir - straight line, f/p - ogre
Aim: an ogre, wielding a giant club (almost dead, poisoned)
The sting hits the iguana.
The iguana is poisoned.
The iguana is heavily wounded.
The ogre looks more healthy.
The iguana barely misses you.
Casting: Sting
Confirm with . or Enter, or press ? or * to list all spells.
Aiming: Sting
Press: ? - help, Shift-Dir - straight line, f/p - ogre
Aim: an ogre, wielding a giant club (almost dead)
The sting hits the iguana.
The iguana appears unharmed.
The iguana is heavily wounded.
The iguana bites you!
* * * LOW HITPOINT WARNING * * *
The iguana looks more healthy.
You see here a rapier.
Your magical contamination has completely faded away.
The iguana bites you!
You die...

#.##.#..# #..........# #.##.#).##
#[........? #.##.....#
#.........# #.##.#...# ####
#####.#... #.##.#...# ..#
#......#.# ..<......# #.#
#.###..†..
####.#.#.##########.####.####O#.#
#...<..#.......#.lO........##.#.#
.##.....#####.#@##.##.#.#(##)# #
##.##.....#.#.#...#.#......#
#.#..............#.###.####
#.#......#.#.#...#.# #.#
##...#####.#.......# #.#
##........#.####### #.#
#.########.# #.# #.. ..> #.# #.##
.... #.#


You could see an ogre and an iguana.

Vanquished Creatures
  A necrophage (D:2)
  A scorpion (D:4)
  Ijyb (D:3)
  Terence (D:3)
  2 gnolls (D:1)
  5 adders
  An ooze (D:1)
  2 worms
  2 giant geckos (D:1)
  An orc (D:4)
  A ball python (D:1)
  8 bats
  4 giant cockroaches
  4 goblins
  7 hobgoblins
  8 kobolds
  2 quokkas
  6 giant newts
  5 rats
62 creatures vanquished.

Vanquished Creatures (others)
  A lightning spire (D:3)
  A rat (D:3)
  2 bushes (D:3)
4 creatures vanquished.

Grand Total: 66 creatures vanquished

Notes
Turn   | Place    | Note
--------------------------------------------------------------
     0 | D:1      | magog001 the Merfolk Venom Mage began the quest for the Orb.
     0 | D:1      | Reached XP level 1. HP: 13/13 MP: 3/3
   204 | D:1      | Reached XP level 2. HP: 19/19 MP: 0/5
  1072 | D:1      | Reached XP level 3. HP: 21/25 MP: 4/6
  2177 | D:2      | Reached skill level 1 in Short Blades
  2188 | D:2      | Learned a level 3 spell: Mephitic Cloud
  2191 | D:2      | Learned a level 2 spell: Cure Poison
  2312 | D:2      | Found a faded altar to an unknown god.
  2316 | D:2      | Reached XP level 4. HP: 31/31 MP: 1/7
  2406 | D:2      | Reached skill level 1 in Throwing
  3374 | D:2      | Found a burning altar of Makhleb.
  3644 | D:3      | Noticed magog001's ghost (amateur CeHu)
  4026 | D:3      | Reached skill level 1 in Fighting
  4049 | D:3      | Found a basalt altar of Yredelemnul.
  4186 | D:3      | Found an oddly glowing altar of Pakellas.
  4217 | D:3      | Noticed Ijyb
  4228 | D:3      | Killed Ijyb
  4228 | D:3      | Reached XP level 5. HP: 29/37 MP: 1/8
  4501 | D:3      | Noticed a necrophage
  4537 | D:3      | HP: 1/37 [necrophage (5)]
  4593 | D:2      | Killed a necrophage
  4729 | D:3      | Found a shattered altar of Ashenzari.
  4911 | D:3      | Reached XP level 6. HP: 32/44 MP: 9/9
  5001 | D:3      | Found a radiant altar of Vehumet.
  5083 | D:3      | Noticed Terence
  5094 | D:3      | Killed Terence
  5168 | D:3      | Found a white marble altar of Elyvilon.
  5279 | D:3      | Noticed a gargoyle
  5736 | D:4      | Slain by an iguana

Skill      XL: |  1  2  3  4  5  6 |
---------------+-------------------+-----
Dodging        | 3 4 |  4.6
Short Blades   | 1 2 |  2.9
Throwing       | 1 2 |  2.2
Fighting       | 1 2 |  2.1
Stealth        | |  2.8
Spellcasting   | |  2.6
Conjurations   | |  0.8
Poison Magic   | |  4.8

Action                   |  1- 3 |  4- 6 || total
-------------------------+-------+-------++-------
Melee: Unarmed           |     5 |       ||     5
       Dagger            |   109 |   166 ||   275
       Tailslap          |     3 |       ||     3
 Cast: Sting             |    48 |    45 ||    93
       Mephitic Cloud    |     2 |     2 ||     4
       Cure Poison       |       |     4 ||     4
  Use: Scroll            |     2 |     6 ||     8
       Potion            |       |     4 ||     4
 Stab: Sleeping          |     1 |       ||     1
       Confused          |       |     1 ||     1
  Eat: Chunk             |     1 |     3 ||     4
       Bread ration      |     1 |     2 ||     3
Armor: Robe              |    34 |    31 ||    65
Dodge: Dodged            |   104 |   145 ||   249
